 Dungeon Crawl Stone Soup version 0.21-a0-113-g6841d05 (webtiles) character file.

1204 Lianjan the Destroyer (level 8, -4/45 HPs)
             Began as a Deep Elf Conjurer on July 13, 2017.
             Slain by a gnoll
             ... wielding a +0 halberd
              (11 damage)
             ... on level 9 of the Dungeon.
             The game lasted 00:15:39 (6685 turns).

Lianjan the Destroyer (Deep Elf Conjurer)           Turns: 6685, Time: 00:15:39

Health: -4/45      AC:  6    Str: 10    XL:     8   Next: 21%
Magic:  20/20      EV: 13    Int: 23    God:
Gold:   462        SH:  0    Dex: 18    Spells: 2/20 levels left

rFire    . . .     SeeInvis .   F - +0 whip (venom)
rCold    . . .     Gourm    .   (no shield)
rNeg     . . .     Faith    .   a - +0 robe
rPois    .         Spirit   .   o - +2 hat
rElec    .         Reflect  .   N - +0 cloak
rCorr    .         Harm     .   (no gloves)
MR       .....                  H - +0 pair of boots
Stlth    ++........             (no amulet)
HPRegen  0.15/turn              C - +3 ring of dexterity
MPRegen  0.17/turn              l - ring of wizardry

@: mighty, very slightly contaminated, invisible
A: no striking features
a: no special abilities


You were on level 9 of the Dungeon.
You were not hungry.

You visited 1 branch of the dungeon, and saw 7 of its levels.

You collected 462 gold pieces.

Inventory:

Hand Weapons
 e - a +0 club
 p - a +0 hunting sling
 F - a +0 whip of venom (weapon)
Missiles
 j - 10 tomahawks (quivered)
Armour
 a - a +0 robe (worn)
 o - a +2 hat (worn)
 H - a +0 pair of boots (worn)
 N - a +0 cloak (worn)
Jewellery
 h - an uncursed ring of flight
 l - a ring of wizardry (right hand)
 w - an uncursed amulet of the gourmand {unknown}
 C - a +3 ring of dexterity (left hand)
 E - an uncursed ring of stealth {unknown}
 M - an uncursed ring of ice {unknown}
Scrolls
 d - 8 scrolls of identify {unknown}
 f - a scroll of remove curse {unknown}
 g - a scroll of blinking {unknown}
 i - a scroll of noise
 n - a scroll of fog
 t - a scroll of amnesia {unknown}
 v - 2 scrolls of teleportation {unknown}
 y - 2 scrolls of recharging {unknown}
 B - 2 scrolls of enchant weapon {unknown}
 G - a scroll of fear {unknown}
 J - a scroll of vulnerability {unknown}
Potions
 k - a potion of ambrosia {unknown}
 m - a potion of agility {unknown}
 q - a potion of mutation {unknown}
 r - a potion of curing
 x - a potion of brilliance {unknown}
 z - a potion of flight {unknown}
 D - a potion of resistance {unknown}
 I - a potion of invisibility
 K - a potion of might
Books
 b - a book of Conjurations

   Spells                             Type                      Level
   a - Magic Dart                     Conjuration                  1
   b - Searing Ray                    Conjuration                  2
   c - Dazzling Spray                 Conjuration/Hexes            3
   d - Fulminant Prism                Conjuration/Hexes            4
   e - Force Lance                    Conjuration/Translocation    4
   f - Iskenderun's Mystic Blast      Conjuration                  4
Comestibles
 c - 7 bread rations
 s - a meat ration
 u - 4 fruits
 A - a royal jelly
 L - 2 chunks of flesh


   Skills:
 + Level 2.9 Fighting
 + Level 2.8 Dodging
 - Level 2.4 Stealth
 - Level 6.6 Spellcasting
 * Level 8.7 Conjurations
 + Level 4.0 Hexes
 + Level 0.0 Translocations
 + Level 1.0 Evocations


You had 2 spell levels left.
You knew the following spells:

 Your Spells              Type           Power        Failure   Level  Hunger
a - Magic Dart            Conj           ####         1%          1    None
b - Searing Ray           Conj           #####.       1%          2    None
c - Dazzling Spray        Conj/Hex       #####.       1%          3    None
d - Iskenderun's Mystic   Conj           #####...     1%          4    ###....
e - Fulminant Prism       Conj/Hex       #####.....   2%          4    ###....
f - Force Lance           Conj/Tloc      ####....     5%          4    ###....


Dungeon Overview and Level Annotations

Branches:
Dungeon (6/15)
 Temple: D:4-7

Altars:
Trog
The Shining One


Message History

The gnoll shaman barely misses you. The gnoll misses you.
The gnoll barely misses you. The gnoll closely misses you. x2
Okay, then.
As you read the scroll labeled DEANLU MISUDD, it crumbles to dust.
You hear a loud clanging noise!
It was a scroll of noise.
You hear a bellow!
You hear a loud, deep croak!
You hear a shout! x3
You hear an angry hiss.
You hear a shout!
You hear an angry buzzing noise. x3
You hear a bellow! x3; You hear an angry buzzing noise.
You hear a bellow!
The gnoll shaman closely misses you. The gnoll closely misses you. x2
The gnoll misses you. The gnoll completely misses you.
Okay, then.
As you read the scroll labeled YNWUSCHIURE, it crumbles to dust.
The scroll dissolves into smoke.
It was a scroll of fog.
The gnoll closely misses you. The gnoll shaman barely misses you.
The hound misses you. The gnoll hits you with a flail!
* * * LOW HITPOINT WARNING * * *
The gnoll closely misses you.
The gnoll hits you from afar with a halberd!
You die...

#.# #.# #.# ...
##.## ##. ...
... #g# ..#
#..###g##§..#
#....§g@g§..#
....#.#g§h§.....
## #.####g#.###
. ...# .. ..# .#
.... #. .#.#
.#..


You could see a gnoll shaman, a hound and 5 gnolls.

Vanquished Creatures
  A centaur (D:5)
  A bullfrog (D:6)
  A scorpion (D:4)
  A crimson imp (D:5)
  A howler monkey (D:4)
  A centaur zombie (D:5)
  3 hounds
  7 orc wizards
  2 orc priests
  A bullfrog skeleton (D:5)
  A centaur skeleton (D:5)
  2 iguanas
  A hound zombie (D:5)
  2 hound skeletons (D:4)
  13 adders
  10 gnolls
  3 shadow imps
  3 oozes
  An adder zombie (D:5)
  An adder skeleton (D:4)
  3 worms
  7 dart slugs
  4 leopard geckos
  21 orcs
  4 giant cockroaches
  12 hobgoblins
  4 jackals (D:3)
  9 kobolds
  2 ball pythons (D:3)
  11 bats
  10 frilled lizards
  13 goblins
  5 rats
161 creatures vanquished.

Notes
Turn   | Place    | Note
-------+----------+-------------------------------------------
     0 | D:1      | Lianjan the Deep Elf Conjurer began the quest for the Orb.
     0 | D:1      | Reached XP level 1. HP: 10/10 MP: 6/6
   255 | D:1      | Reached XP level 2. HP: 12/15 MP: 0/8
   299 | D:1      | Learned a level 2 spell: Searing Ray
   428 | D:1      | Reached skill level 5 in Conjurations
   608 | D:1      | Reached XP level 3. HP: 19/19 MP: 0/10
   613 | D:1      | Learned a level 3 spell: Dazzling Spray
  1227 | D:2      | Found a glowing golden altar of the Shining One.
  1356 | D:2      | Reached XP level 4. HP: 19/24 MP: 2/12
  1440 | D:2      | Learned a level 4 spell: Iskenderun's Mystic Blast
  1840 | D:2      | Reached skill level 6 in Conjurations
  2009 | D:2      | Reached XP level 5. HP: 28/28 MP: 9/14
  2154 | D:2      | Reached skill level 5 in Spellcasting
  2229 | D:2      | Learned a level 4 spell: Fulminant Prism
  2555 | D:3      | Reached skill level 1 in Fighting
  2562 | D:3      | Reached XP level 6. HP: 17/34 MP: 4/16
  3006 | D:3      | Found a bloodstained altar of Trog.
  3416 | D:3      | Reached skill level 7 in Conjurations
  4084 | D:4      | Reached skill level 1 in Hexes
  4403 | D:4      | Reached XP level 7. HP: 33/40 MP: 8/17
  4451 | D:4      | HP: 1/40 [orc/trident (6)]
  5211 | D:5      | Entered Level 5 of the Dungeon
  5764 | D:5      | Reached skill level 8 in Conjurations
  6186 | D:5      | Reached XP level 8. HP: 45/45 MP: 12/20
  6192 | D:5      | Learned a level 4 spell: Force Lance
  6589 | D:6      | Reached skill level 1 in Evocations
  6678 | D:6      | You fall through a shaft for 3 floors!
  6685 | D:9      | Slain by a gnoll

Vault maps used:
D:1:      dpeg_arrival_rhombus, minmay_tree_intersection
D:2:      nicolae_tso_swordbearing_angel, serial_glass, glass_columns_a,
          glass_columns_a, first_bread, minmay_goblin_kobold_house
D:3:      st_stairs_13, trog_hazing_becter
D:5:      serial_bayou_pond_a
D:6:      serial_shops, shop_fountains, basic_altar
D:9:      dpeg_lair_monsters, serial_shops, shop

Skill      XL: |  1  2  3  4  5  6  7  8 |
---------------+-------------------------+-----
Conjurations   | 5 6 7 8 |  8.7
Spellcasting   | 4 5 6 |  6.6
Fighting       | 1 2 |  2.9
Hexes          | 1 3 4 |  4.0
Evocations     | 1 |  1.0
Dodging        | |  2.8
Stealth        | |  2.4

Action                   |  1- 3 |  4- 6 |  7- 9 || total
-------------------------+-------+-------+-------++-------
Melee: Unarmed           |    10 |     4 |     1 ||    15
       Whip              |       |       |     4 ||     4
 Cast: Magic Dart        |    64 |   115 |    50 ||   229
       Searing Ray       |     9 |    34 |    31 ||    74
  Use: Potion            |       |       |     3 ||     3
       Scroll            |       |       |     2 ||     2
  Eat: Chunk             |     1 |    10 |     6 ||    17
Armor: Robe              |     7 |     5 |     4 ||    16
Dodge: Dodged            |    18 |    29 |    47 ||    94
